 Dungeon Crawl Stone Soup version 0.21.1-1-g345015f (webtiles) character file.

487 aMcNicky the Skirmisher (level 7, -7/76 HPs)
             Began as an Ogre Berserker on Mar 12, 2018.
             Was a Priest of Trog.
             Mangled by a phantom (9 damage)
             ... on level 5 of the Dungeon.
             The game lasted 00:08:35 (4999 turns).

aMcNicky the Skirmisher (Ogre Berserker)            Turns: 4999, Time: 00:08:36

Health: -7/76      AC:  3    Str: 24    XL:     7   Next: 13%
Magic:  7/7        EV: 10    Int:  8    God:    Trog [***...]
Gold:   229        SH:  0    Dex:  8    Spells: 6/6 levels left

rFire    . . .     SeeInvis .   x - +0 flail
rCold    . . .     Gourm    +   (no shield)
rNeg     . . .     Faith    .   b - +0 animal skin
rPois    .         Spirit   .   (helmet restricted)
rElec    .         Reflect  .   (no cloak)
rCorr    .         Harm     .   (gloves unavailable)
MR       .....                  (boots unavailable)
Stlth    +.........             o - amulet of the gourmand
HPRegen  0.22/turn              (no ring)
MPRegen  0.10/turn              (no ring)

@: confused, berserk cooldown, slowed, very slow
A: large, unfitting armour, tough skin 1
a: Berserk, Trog's Hand, Burn Spellbooks, Renounce Religion


You were on level 5 of the Dungeon.
You worshipped Trog.
Trog was most pleased with you.
You were very full.

You visited 1 branch of the dungeon, and saw 5 of its levels.

You collected 229 gold pieces.

Inventory:

Hand Weapons
 x - a +0 flail (weapon)
Armour
 b - a +0 animal skin (worn)
Jewellery
 o - an amulet of the gourmand (around neck)
 p - an uncursed amulet of magic regeneration
 u - an uncursed ring of ice {unknown}
Wands
 r - a wand of enslavement (12)
Scrolls
 d - 4 scrolls of teleportation {unknown}
 f - 3 scrolls of remove curse {unknown}
 g - a scroll of magic mapping {unknown}
 i - a scroll of fog {unknown}
 j - a scroll of fear {unknown}
 l - 3 scrolls of immolation {unknown}
 n - a scroll of blinking {unknown}
 q - a scroll of enchant weapon {unknown}
 s - a scroll of identify {@r1}
Potions
 h - 2 potions of heal wounds {unknown}
 k - 2 potions of curing {unknown}
 m - 2 potions of lignification {unknown}
 t - a potion of berserk rage {unknown}
 v - a potion of magic {unknown}
 w - a potion of flight {unknown}
Comestibles
 a - 2 chunks of flesh
 c - 5 rations


   Skills:
 + Level 6.8 Fighting
 * Level 5.9 Maces & Flails
 - Level 3.0 Dodging


You had 6 spell levels left.
You didn't know any spells.

Dungeon Overview and Level Annotations

Branches:
Dungeon (5/15)             Temple (0/1) D:4

Altars:
Ru

Shops:
D:4 ?


Innate Abilities, Weirdness & Mutations

You are too large for most types of armour.
You have tough skin. (AC +1)


Message History

The orc priest invokes the aid of Beogh against you.
Beogh smites you!
* * * LOW HITPOINT WARNING * * *
The orc priest hits you with a whip.
* * * LOW HITPOINT WARNING * * *
You sock the orc priest!
You kill the orc priest!
Trog accepts your kill. Something hits you.
* * * LOW HITPOINT WARNING * * *
The phantom barely misses you.
You closely miss the phantom. The phantom hits you.
* * * LOW HITPOINT WARNING * * *
You hear some strange, mumbled words.
You are confused.
The phantom misses you. Something hits you but does no damage.
You are electrocuted!
* * * LOW HITPOINT WARNING * * *
You bump into the rock wall.
The phantom hits you!
You die...

# #.# # #+# ...
#######.# #.#
.....##.# .W.
####.##.### #o#
####.#....# #.#
..........# #)#
.###.#....#########)#
####.##........W@.).#
.....################
######


You could see a phantom.

Vanquished Creatures
  A howler monkey (D:4)
  A bullfrog skeleton (D:4)
  4 orc priests
  An orc wizard (D:3)
  A centaur skeleton (D:5)
  An iguana (D:4)
  2 worker ants (D:4)
  3 gnolls (D:5)
  3 adders
  An ooze (D:3)
  A worm (D:3)
  11 dart slugs
  5 leopard geckos
  10 orcs
  6 bats
  7 giant cockroaches
  5 goblins
  3 hobgoblins
  6 jackals
  4 kobolds
  2 quokkas (D:4)
  2 ball pythons
  4 frilled lizards
  A jackal skeleton (D:5)
  3 rats
88 creatures vanquished.

Notes
Turn   | Place    | Note
-------+----------+-------------------------------------------
     0 | D:1      | aMcNicky the Ogre Berserker began the quest for the Orb.
     0 | D:1      | Reached XP level 1. HP: 24/24 MP: 1/1
   132 | D:1      | Reached XP level 2. HP: 31/32 MP: 2/2
   846 | D:2      | Reached XP level 3. HP: 40/40 MP: 3/3
   900 | D:2      | Reached ** piety under Trog
  1199 | D:2      | Reached XP level 4. HP: 26/49 MP: 4/4
  1685 | D:3      | Reached skill level 5 in Fighting
  2295 | D:3      | Found a sacrificial altar of Ru.
  2372 | D:3      | Reached XP level 5. HP: 57/57 MP: 5/5
  2731 | D:4      | Reached XP level 6. HP: 48/67 MP: 6/6
  2736 | D:4      | Reached skill level 6 in Fighting
  2736 | D:4      | Reached skill level 5 in Maces & Flails
  3001 | D:4      | Found Tezxiss's Magic Scroll Emporium.
  3381 | D:4      | Found a staircase to the Ecumenical Temple.
  4149 | D:5      | Entered Level 5 of the Dungeon
  4489 | D:5      | Reached *** piety under Trog
  4972 | D:5      | Noticed a phantom
  4978 | D:5      | Reached XP level 7. HP: 76/76 MP: 7/7
  4998 | D:5      | HP: 2/76 [something (9)]
  4999 | D:5      | Mangled by a phantom

Skill      XL: |  1  2  3  4  5  6 |
---------------+-------------------+-----
Dodging        | 3 |  3.0
Maces & Flails | 3 4 5 |  5.9
Fighting       | 5 6 |  6.8

Action                   |  1- 3 |  4- 6 |  7- 9 || total
-------------------------+-------+-------+-------++-------
Melee: Mace              |    95 |   187 |       ||   282
       Flail             |       |     6 |    11 ||    17
Invok: Berserk           |       |     5 |       ||     5
  Use: Scroll            |       |     2 |       ||     2
 Stab: Sleeping          |     1 |     1 |       ||     2
  Eat: Chunk             |     1 |    15 |       ||    16
       Ration            |       |     3 |       ||     3
Armor: Animal skin       |    36 |    52 |     1 ||    89
Dodge: Dodged            |    66 |   123 |     4 ||   193
